[Event "Early-Titled-Tuesday-Blitz-October-17-2023"]
[Site "Chess.com"]
[Date "2023.10.17"]
[Round "3"]
[White "LuisFSiles"]
[Black "Bala-Afiada"]
[Result "1-0"]
[WhiteElo "2321"]
[BlackElo "1905"]
[TimeControl "180+1"]
[EndTime "8:29:29 PDT"]
[Termination "LuisFSiles won by resignation"]

1. e4 c5 2. Nf3 Nc6 3. Bb5 d6 4. d4 cxd4 5. Qxd4 Bd7 6. Bxc6 bxc6 7. c4 e5 8. Qd3 Nf6 9. Nc3 Rb8 10. c5 Qc7 11. cxd6 Bxd6 12. O-O O-O 13. Bg5 Be7 14. b3 Rfd8 15. Qc2 h6 16. Bxf6 Bxf6 17. Nd5 Qd6 18. Nxf6+ Qxf6 19. Rac1 Bg4 20. Nd2 Qg5 21. Nc4 Bf3 22.
Ne3 Rd4 23. Qxc6 Bxe4 24. Qc7 Rbd8 25. h4 Qg6 26. Qxe5 f6 27. Qg3 Qxg3 28. fxg3 Rd2 29. Rfd1 Rxd1+ 30. Rxd1 Rxd1+ 31. Nxd1 Bb1 32. Nc3 Bc2 33. Kf2 Kf8 34. Ke3 Ke7 35. b4 Kd7 36. Kd4 Bg6 37. Kc5 Kc7 38. b5 Bf7 39. a4 Kb7 40. a5 Be8 41. Nd5 f5 42. Ne3 Bg6 43.
Nc4 Bf7 44. Nd6+ 1-0

[Event "Early-Titled-Tuesday-Blitz-October-17-2023"]
[Site "Chess.com"]
[Date "2023.10.17"]
[Round "3"]
[White "Fan_Of_Chucky"]
[Black "tarno17"]
[Result "1-0"]
[WhiteElo "2475"]
[BlackElo "2136"]
[TimeControl "180+1"]
[EndTime "8:29:30 PDT"]
[Termination "Fan_Of_Chucky won on time"]

1. d4 d5 2. c4 e6 3. Nf3 Nf6 4.
g3 Be7 5. Bg2 O-O 6. O-O b6 7.
Nc3 Bb7 8. Ne5 Nbd7 9. Bg5 c6 10. e4 Nxe4 11. Nxe4 Nxe5 12. Bxe7 Qxe7 13. dxe5 dxe4 14. Bxe4 Rfd8 15. Qf3 Qc7 16. Qh5 g6 17. Qg5 Rd4 18.
Rfe1 Rad8 19. h4 R8d7 20. b3 Qd8 21. Qe3 c5 22. Bxb7 Rxb7 23. h5 Rbd7 24. hxg6 hxg6 25. Qf3 Kg7 26. Kg2 Qg5 27. Re3 Rd2 28. Qc6 Qxe3 29.
Rf1 Qe2 30. Qc8 Qf3+ 31. Kxf3 R7d3+ 32. Kg2 Re2 33. Qe8 Rdd2 34. Qe7 Kg8 35. Qf6 Rxa2 36.
Rh1 Rxf2+ 37. Qxf2 Rxf2+ 38. Kxf2 1-0

[Event "Early-Titled-Tuesday-Blitz-October-17-2023"]
[Site "Chess.com"]
[Date "2023.10.17"]
[Round "3"]
[White "szefru"]
[Black "C_K_G"]
[Result "1-0"]
[WhiteElo "2321"]
[BlackElo "1890"]
[TimeControl "180+1"]
[EndTime "8:29:30 PDT"]
[Termination "szefru won on time"]

1. e4 c5 2. Nf3 d6 3. d4 cxd4 4. Qxd4 Nf6 5. Bb5+ Bd7 6. Bxd7+ Nbxd7 7. c4 e5 8. Qd3 Be7 9. Nc3 O-O 10. Be3 Rc8 11. h3 a6 12. O-O Nc5 13. Bxc5 Rxc5 14. Rfd1 Qc8 15. b3 b5 16. Nd2 Rd8 17. Rac1 bxc4 18. Nxc4 Bf8 19. Nb6 Qc6 20. Nbd5 Nxd5 21. Nxd5 a5 22.
Rxc5 Qxc5 23. Ne3 Qa3 24. Nc4 Qb4 25. Nxe5 Re8 26. Nc6 Qxe4 27. Nxa5 Qb4 28. Nc4 Ra8 29. a3 Qc5 30. b4 Qb5 31. Qd5 Qa4 32. Nb6 Qxa3 33. Nxa8 Qxb4 34. Nc7 g6 35. Ne8 Qb2 36.
Nxd6 Be7 37. Qxf7+ Kh8 38. Qxe7 1-0

[Event "Early-Titled-Tuesday-Blitz-October-17-2023"]
[Site "Chess.com"]
[Date "2023.10.17"]
[Round "3"]
[White "Chessbard1972"]
[Black "JuniorJumper"]
[Result "0-1"]
[WhiteElo "2362"]
[BlackElo "2563"]
[TimeControl "180+1"]
[EndTime "8:29:31 PDT"]
[Termination "JuniorJumper won by checkmate"]

1. d4 d5 2. c4 e6 3. Nc3 c6 4. Qb3 dxc4 5. Qxc4 Nf6 6. Nf3 b5 7. Qb3 Bb7 8. Bg5 Be7 9. e3 Nbd7 10. Be2 O-O 11.
O-O a6 12. a4 h6 13. Bh4 b4 14. Na2 c5 15. Rfd1 a5 16. Ne5 Nxe5 17. dxe5 Nd5 18. Bg3 Qc8 19. Rac1 Nb6 20. Qc2 Rb8 21. b3 Nd5 22.
Bf3 Qc7 23. h3 Rfd8 24. Rd2 Rbc8 25. Be2 Nb6 26. Rcd1 Rxd2 27. Rxd2 c4 28. bxc4 Nxc4 29. Bxc4 Qxc4 30. Qxc4 Rxc4 31. Rd7 b3 32. Nc3 Rxc3 33.
Rxe7 Bd5 34. Re8+ Kh7 35. Rb8 Rc4 36. e4 Rb4 37. Rxb4 axb4 38. exd5 b2 39. d6 b1=Q+ 40. Kh2 Qd3 41. a5 b3 42. a6 Qxa6 43. d7 Qa8 44. Bh4 g5 45. Bg3 Qd8 46. f4 Qxd7 47. fxg5 hxg5 48.
h4 b2 49. hxg5 b1=Q 50. g6+ Qxg6 51. Kg1 Qxg3 52. Kf1 Qdd3+ 53. Kg1 Qde3+ 54. Kh1 Qc1# 0-1

[Event "Early-Titled-Tuesday-Blitz-October-17-2023"]
[Site "Chess.com"]
[Date "2023.10.17"]
[Round "3"]
[White "DenisQ"]
[Black "Alexander_Donchenko"]
[Result "0-1"]
[WhiteElo "2641"]
[BlackElo "2876"]
[TimeControl "180+1"]
[EndTime "8:29:32 PDT"]
[Termination "Alexander_Donchenko won by resignation"]

1. Nf3 Nf6 2. c4 e6 3. g3 a6 4. Nc3 d5 5. cxd5 exd5 6. d4 Bd6 7. Bg5 c6 8. Bg2 Nbd7 9. O-O h6 10. Bf4 Bxf4 11. gxf4 O-O 12. e3 Re8 13. Ne5 Nf8 14.
b4 Bf5 15. a4 Ne4 16. Nxe4 Bxe4 17. Bxe4 dxe4 18. Qb3 Qd5 19. Rfb1 Rec8 20. Nc4 Nd7 21. Nd2 Nf6 22. Qxd5 cxd5 23. Rc1 Kf8 24. Kg2 Ke7 25. f3 exf3+ 26. Kxf3 Ne8 27. Rc5 Nd6 28. Rxd5 Rc2 29.
Ne4 Nc4 30. Rc5 b6 31. Rc7+ Kf8 32. Rb7 Re8 33. Re1 f5 34. Ng3 g6 35. Re2 Rxe2 36. Kxe2 Rxe3+ 37. Kf2 Rb3 38. h4 h5 39. Rc7 Rxb4 40.
Rc6 Kf7 41. Rc7+ Ke6 42. Rg7 Kf6 0-1

[Event "Early-Titled-Tuesday-Blitz-October-17-2023"]
[Site "Chess.com"]
[Date "2023.10.17"]
[Round "3"]
[White "PoXerStar"]
[Black "HalfIsCrayfish"]
[Result "1-0"]
[WhiteElo "2429"]
[BlackElo "2564"]
[TimeControl "180+1"]
[EndTime "8:29:32 PDT"]
[Termination "PoXerStar won on time"]

1. c4 c6 2. Nc3 d5 3. cxd5 cxd5 4. d4 Nf6 5. Nf3 Nc6 6. Bf4 a6 7. e3 e6 8. Bd3 Bd6 9. Bxd6 Qxd6 10. O-O O-O 11.
Rc1 e5 12. dxe5 Nxe5 13. Nxe5 Qxe5 14. Be2 Bf5 15. Qa4 Rfd8 16. Rfd1 Ne4 17. Bf3 h6 18. h3 Rac8 19. Qd4 Qxd4 20. Rxd4 Nxc3 21. Rxc3 Rxc3 22. bxc3 Rc8 23. Bxd5 Rxc3 24. Bxb7 Ra3 25. Bd5 Kf8 26. e4 Be6 27. Bxe6 fxe6 28. Rd2 Ke7 29. f3 Kf6 30. Kf2 Ke5 31. Kg3 g6 32. Kg4 a5 33. h4 Ra4 34. g3 Ra3 35. Re2 h5+ 36. Kg5 Rxf3 37. Kxg6 Rxg3+ 38. Kxh5 a4 39. Kh6 a3 40. h5 Rg8 41. Kh7 Rb8 42. Re3 Rb7+ 43. Kg6 1-0

[Event "Early-Titled-Tuesday-Blitz-October-17-2023"]
[Site "Chess.com"]
[Date "2023.10.17"]
[Round "3"]
[White "tusplingher"]
[Black "carokannlover213"]
[Result "1-0"]
[WhiteElo "2512"]
[BlackElo "2719"]
[TimeControl "180+1"]
[EndTime "8:29:33 PDT"]
[Termination "tusplingher won on time"]

1. e4 c5 2. b3 Nc6 3. Bb2 e6 4. Bb5 Nd4 5. Bd3 e5 6. Nf3 d6 7. c3 Ne6 8. Bb5+ Bd7 9. Bxd7+ Qxd7 10. d4 cxd4 11. cxd4 Nf6 12. O-O Nxe4 13. Re1 f5 14.
dxe5 d5 15. Nd4 Bc5 16. f3 O-O 17. b4 Bb6 18. Na3 Rac8 19. Re2 N4g5 20. Kh1 Nf4 21.
Rd2 Rfe8 22. Qe1 Nge6 23. Nxf5 Qa4 24. Nd6 Rc2 25. Nxc2 Rf8 26. Nd4 Ng5 27. e6 Bc7 28. e7 Bxd6 29. exf8=Q+ Kxf8 30. Rc1 Qd7 31. g3 Ng6 32. f4 Ne4 33. Re2 a5 34. Rxe4 dxe4 35. Qxe4 Bxb4 36. Qf5+ Qxf5 37. Nxf5 Kf7 38. Nxg7 Ne7 39.
Rc7 Kf8 40. Ne6+ Ke8 41. Nd4 1-0

[Event "Early-Titled-Tuesday-Blitz-October-17-2023"]
[Site "Chess.com"]
[Date "2023.10.17"]
[Round "3"]
[White "seopie"]
[Black "Langua_Chess"]
[Result "1-0"]
[WhiteElo "2845"]
[BlackElo "2504"]
[TimeControl "180+1"]
[EndTime "8:29:34 PDT"]
[Termination "seopie won on time"]

1. d4 d5 2. c4 e6 3. Nc3 h6 4. cxd5 exd5 5. Qb3 Nf6 6. Bf4 Bd6 7. Be5 O-O 8. Bxf6 Qxf6 9. Qxd5 Nc6 10. e3 Nb4 11.
Qb3 Bf5 12. Rc1 Nd3+ 13. Bxd3 Bxd3 14. Nge2 Qh4 15. Nb5 Be4 16. Nxd6 cxd6 17. O-O Rae8 18. f3 Bc6 19. e4 Kh8 20. Ng3 d5 21. Nf5 Qg5 22. Nd6 Rd8 23. e5 f6 24. f4 Qg6 25.
Nxb7 Bxb7 26. Qxb7 Qe4 27. Qb4 Rb8 28. Qd2 a5 29.
Rce1 Qf5 30. b3 Rb4 31. Qe3 Rfb8 32. h3 Rf8 33. g4 Qc2 34. Rf2 Qc6 35. f5 Qb6 36. e6 Qxd4 37. Qxd4 Rxd4 38. Kg2 Re8 39. Ree2 Kg8 40. Rd2 Rxd2 41. Rxd2 Rd8 42. Kf3 Kf8 43. Ke3 Ke7 44. Kd4 Rc8 45. Rd3 Kd6 46. Rc3 Rb8 47. a3 Ra8 48. Rc5 Rb8 49. Rxd5+ Kc6 50. Rxa5 Rxb3 51.
Ra7 Kd6 52. Rd7+ Kc6 53. Rxg7 Rb8 54. Rf7 Rd8+ 55. Ke4 1-0

[Event "Early-Titled-Tuesday-Blitz-October-17-2023"]
[Site "Chess.com"]
[Date "2023.10.17"]
[Round "3"]
[White "ChessQueen"]
[Black "mishanick"]
[Result "1/2-1/2"]
[WhiteElo "2726"]
[BlackElo "3010"]
[TimeControl "180+1"]
[EndTime "8:29:35 PDT"]
[Termination "Game drawn by repetition"]

1. e4 c5 2. c3 d5 3. exd5 Qxd5 4. d4 Nc6 5. Nf3 Bf5 6. Be3 cxd4 7. Nxd4 Nxd4 8. cxd4 Bxb1 9. Qa4+ Kd8 10. Rxb1 Nf6 11. Rc1 e6 12. f3 Bd6 13. Bc4 Qh5 14. Qb3 b6 15. Kf2 Rc8 16. g3 Ke7 17. Kg2 Rc7 18. Ba6 Nd5 19. Bd2 Rd8 20. Bc4 Nf6 21. Be2 Rdc8 22.
Rxc7+ Rxc7 23. Rc1 Rxc1 24. Bxc1 Qa5 25. Kf2 h5 26. a3 h4 27. Qb5 hxg3+ 28. hxg3 Nh5 29. f4 Qxb5 30. Bxb5 Nf6 31. Kf3 Nd5 32. g4 Nc7 33. Bc6 g6 34. g5 Nd5 35. Ke4 Nc7 36.
Bd2 Kd8 37. Bb4 Bxb4 38. axb4 a6 39. Ke5 Ke7 40. d5 exd5 41. Bxd5 Nb5 42. Bc4 Nc7 43. Bd5 Ne8 44. Bb7 Nc7 45. Bd5 1/2-1/2

[Event "Early-Titled-Tuesday-Blitz-October-17-2023"]
[Site "Chess.com"]
[Date "2023.10.17"]
[Round "3"]
[White "Shivananda1964"]
[Black "SanchezKelvin"]
[Result "0-1"]
[WhiteElo "2399"]
[BlackElo "2573"]
[TimeControl "180+1"]
[EndTime "8:29:35 PDT"]
[Termination "SanchezKelvin won on time"]

1. Nf3 Nf6 2. g3 b6 3. Bg2 Bb7 4. O-O c5 5. b3 g6 6. Bb2 Bg7 7. d3 O-O 8. Nbd2 d5 9. Re1 d4 10. e3 dxe3 11. fxe3 Nc6 12. Qe2 Qc7 13.
Nc4 Rfe8 14. a4 e5 15. Nfxe5 Nxe5 16. Bxe5 Rxe5 17. Bxb7 Qxb7 18. Nxe5 Nd5 19. d4 Re8 20. Qf3 f6 21. Nc4 Qd7 22. e4 Nb4 23. Qf2 cxd4 24. Rad1 Nc6 25. Nb2 Bh6 26. c3 Qe6 27. cxd4 Qxb3 28.
Qxf6 Be3+ 29. Kh1 Re6 30. Qf3 Qxb2 31. Qxe3 Nb4 32. d5 Rf6 33. e5 Rf2 34. Kg1 Rg2+ 35. Kf1 Rxh2 36. Qf3 Nc2 37. Re2 Rxe2 38. Qxe2 Qb3 0-1

[Event "Early-Titled-Tuesday-Blitz-October-17-2023"]
[Site "Chess.com"]
[Date "2023.10.17"]
[Round "3"]
[White "dianamirza"]
[Black "secretsuperstar7"]
[Result "0-1"]
[WhiteElo "2036"]
[BlackElo "2451"]
[TimeControl "180+1"]
[EndTime "8:29:35 PDT"]
[Termination "secretsuperstar7 won by checkmate"]

1. e4 c5 2. Nf3 Nc6 3. d4 cxd4 4. Nxd4 Nf6 5. Nc3 d6 6. f3 e6 7. Be3 a6 8. Be2 Be7 9. Qd2 O-O 10. g4 d5 11. g5 Ne8 12. h4 Nc7 13. O-O-O Bd7 14. h5 Nxd4 15. Bxd4 Bxg5 16. f4 Bh6 17. Rdg1 Kh8 18.
Kb1 f6 19. Bd3 Re8 20. Qg2 Bc6 21. e5 f5 22. Rh3 b5 23. Ne2 b4 24. b3 Nb5 25. Bb2 Rc8 26. Rg3 Rg8 27. Nd4 Nc3+ 28. Ka1 Qd7 29. Ne2 d4 30. Qf2 Nxe2 31. Qxe2 a5 32. Qf2 a4 33. Qxd4 Qb7 34. Bc4 Rcd8 35. Qc5 Bd5 36. Bxd5 Rxd5 37. Qa5 axb3 38. Qa4 bxc2 39.
Qxc2 Ra8 40. Bc1 Qa6 41. Qg2 b3 42. Rxb3 Qc4 43. Kb2 Rda5 44. Rc3 Qxa2# 0-1

[Event "Early-Titled-Tuesday-Blitz-October-17-2023"]
[Site "Chess.com"]
[Date "2023.10.17"]
[Round "3"]
[White "Flaccidmoves"]
[Black "jaskol95"]
[Result "0-1"]
[WhiteElo "2416"]
[BlackElo "2592"]
[TimeControl "180+1"]
[EndTime "8:29:36 PDT"]
[Termination "jaskol95 won by checkmate"]

1. d4 d5 2. Bf4 c6 3. e3 Bf5 4.
c4 a6 5. Nc3 e6 6. Nf3 Nd7 7.
Bd3 Bg6 8. c5 Ngf6 9. O-O Nh5 10. Bg5 Be7 11. Bxe7 Qxe7 12. b4 O-O 13. a4 e5 14. Bxg6 hxg6 15. Nxe5 Nxe5 16. dxe5 Qxe5 17. Qd4 Rfe8 18. b5 axb5 19. axb5 Qxd4 20. exd4 Nf4 21. b6 Ne6 22. Ra7 Rxa7 23. bxa7 Ra8 24. Ra1 Nxd4 25. Ra5 Nb3 26. Ra3 Nxc5 27. Ne2 Na6 28. Nd4 Rxa7 29.
Kf1 Ra8 30. g4 Kf8 31. h4 Nc7 32. Rb3 Ra4 33. Rxb7 Rxd4 34. Rxc7 Rxg4 35. Rxc6 Rxh4 36. Rd6 Rd4 37. Ke2 Ke7 38. Ra6 Re4+ 39. Kd3 Re6 40.
Ra7+ Kf6 41. Kd4 Re2 42. Kxd5 Rxf2 43. Ra6+ Kg5 44. Ke4 f5+ 45. Ke3 Rb2 46. Kf3 Rb3+ 47. Kg2 Kh5 48. Ra5 Kg4 49. Ra6 g5 50. Rg6 Rb2+ 51.
Kf1 Kf3 52. Ke1 g4 53. Rxg7 g3 54. Kd1 g2 55. Kc1 Ra2 56. Kb1 Rf2 57. Kc1 Rf1+ 58.
Kd2 g1=Q 59. Rf7 Rd1+ 60. Kc3 Qc5+ 61. Kb2 Rd2+ 62. Kb3 Rd3+ 63. Kb2 Qb4+ 64. Kc2 Qb3+ 65. Kc1 Rd1# 0-1

[Event "Early-Titled-Tuesday-Blitz-October-17-2023"]
[Site "Chess.com"]
[Date "2023.10.17"]
[Round "3"]
[White "ArtemDyachuk"]
[Black "bascheyaro"]
[Result "0-1"]
[WhiteElo "2634"]
[BlackElo "2841"]
[TimeControl "180+1"]
[EndTime "8:29:38 PDT"]
[Termination "bascheyaro won by checkmate"]

1. e4 e6 2. d4 d5 3. e5 c5 4.
c3 Qb6 5. Nf3 Bd7 6. Be2 Bb5 7.
O-O Bxe2 8. Qxe2 Nc6 9. Rd1 a6 10. h4 h5 11. Be3 Nh6 12. b4 cxb4 13. c4 Rd8 14. Nbd2 Nf5 15. Bg5 Be7 16. cxd5 Ncxd4 17. Nxd4 Nxd4 18. Qe4 Bxg5 19. hxg5 exd5 20. Qd3 g6 21. Nf1 Ne6 22. Ne3 Nf4 23. Qd2 O-O 24. Rac1 Qe6 25.
Qxb4 d4 26. Nc4 Qg4 27. g3 Ne2+ 28. Kg2 Nxc1 29. Rxc1 d3 30. Qd2 h4 31. Ne3 Qxg5 32. Rh1 Rd4 33. Rh3 Rfd8 34. e6 fxe6 35. Qb2 d2 36. Qb3 R4d5 37. Rh1 hxg3 38. fxg3 Qe5 39. Qxb7 Qe4+ 40. Kf2 Qxh1 41. Ng4 Rf5+ 42. Ke3 Qxb7 43.
Nf6+ Kf7 44. g4 d1=Q 45. g5 Qbf3# 0-1

[Event "Early-Titled-Tuesday-Blitz-October-17-2023"]
[Site "Chess.com"]
[Date "2023.10.17"]
[Round "3"]
[White "VincentKeymer"]
[Black "attack2mateU"]
[Result "1-0"]
[WhiteElo "3093"]
[BlackElo "2724"]
[TimeControl "180+1"]
[EndTime "8:29:43 PDT"]
[Termination "VincentKeymer won by resignation"]

1. Nf3 c5 2. c4 Nf6 3. b3 d5 4.
cxd5 Nxd5 5. Bb2 Nc6 6. Nc3 Nxc3 7. Bxc3 f6 8. e3 e5 9. Bc4 Bf5 10. Nh4 Bd3 11. Qf3 Qd7 12. Bd5 O-O-O 13. e4 Ba6 14.
Nf5 Kb8 15. h4 Nd4 16. Bxd4 cxd4 17. Bc4 Bxc4 18. bxc4 g6 19. Ng3 d3 20. Qxf6 Qd4 21. O-O Bc5 22. Qg5 Rdf8 23. Kh2 Rf4 24. Rab1 h6 25.
Qxg6 Rxh4+ 26. Kg1 Rf8 27. Qg7 b6 28. Nf5 Rxf5 29.
exf5 Rg4 30. Qxh6 Qe4 31. Qh3 Qxf5 32. g3 Qf3 33. Kh2 Bxf2 34. Rxf2 Qxf2+ 35. Qg2 Qf5 36. Rf1 Qh5+ 37. Kg1 Rxc4 38. Qd5 Rc8 39. Qd6+ Kb7 40. Qd7+ Rc7 41. Qd5+ Ka6 42. Qxd3+ b5 43. Rf6+ Kb7 44.
Qd5+ Kc8 45. Rf8+ 1-0

[Event "Early-Titled-Tuesday-Blitz-October-17-2023"]
[Site "Chess.com"]
[Date "2023.10.17"]
[Round "3"]
[White "jup1978"]
[Black "Byniolus"]
[Result "0-1"]
[WhiteElo "2551"]
[BlackElo "2804"]
[TimeControl "180+1"]
[EndTime "8:29:44 PDT"]
[Termination "Byniolus won by resignation"]

1. e4 d6 2. d4 Nf6 3. Nc3 c6 4.
a4 a5 5. Nf3 Bg4 6. h3 Bh5 7.
Be2 e6 8. e5 Nd5 9. Nxd5 exd5 10. O-O Be7 11. exd6 Qxd6 12. Ne5 Bxe2 13. Qxe2 O-O 14.
Bf4 Qd8 15. Rfe1 Bf6 16. Nf3 Nd7 17. c3 Re8 18. Qc2 Qb6 19. Rxe8+ Rxe8 20. Re1 Rxe1+ 21.
Nxe1 Nf8 22. Nd3 Ne6 23. Be5 Be7 24. Nf4 Nf8 25. Nd3 f6 26. Bf4 Kf7 27. Qd1 g6 28. h4 h5 29. g3 Ne6 30. Bc1 Qd8 31. g4 hxg4 32. Qxg4 Qh8 33. Qg3 Qh5 34. f3 Qf5 35. f4 Bd6 36. b3 Qe4 37. Kf2 Ng7 38. Qf3 Nf5 39. Bd2 Nxh4 40. Qxe4 dxe4 41. Ne1 Nf5 42. Nc2 Ke6 43. b4 axb4 44. cxb4 Kd5 45. Ke2 Nxd4+ 46. Nxd4 Kxd4 47. Be3+ Kc4 48. b5 cxb5 49. axb5 Kxb5 0-1

[Event "Early-Titled-Tuesday-Blitz-October-17-2023"]
[Site "Chess.com"]
[Date "2023.10.17"]
[Round "3"]
[White "LangesNasenhaar"]
[Black "BardArtem"]
[Result "0-1"]
[WhiteElo "2491"]
[BlackElo "2771"]
[TimeControl "180+1"]
[EndTime "8:29:45 PDT"]
[Termination "BardArtem won on time"]

1. d4 Nf6 2. Nc3 d5 3. Bf4 c5 4.
e4 Nxe4 5. Nxe4 dxe4 6. dxc5 Qa5+ 7.
c3 Qxc5 8. Qa4+ Nc6 9. Qxe4 g6 10. Nf3 Bg7 11. Rd1 Bf5 12. Qa4 Qa5 13. Qxa5 Nxa5 14. Bb5+ Nc6 15. Ne5 Bxe5 16. Bxe5 f6 17. Bd4 Kf7 18.
Ke2 Rhd8 19. Be3 a6 20. Bc4+ Be6 21. Bxe6+ Kxe6 22. Rxd8 Rxd8 23. Rd1 Rxd1 24. Kxd1 Kd5 25. Ke2 b5 26. b3 e5 27. f3 f5 28. Bf2 e4 29.
fxe4+ Kxe4 30. Bc5 Ne5 31. h3 Nd3 32. Be3 f4 33. Bd2 g5 34. c4 bxc4 35. bxc4 Kd4 36. a3 Kxc4 37. Kf3 Ne5+ 38. Ke4 Nf7 39. Kf5 Nd6+ 40. Ke5 Kd3 41. Bb4 Nc4+ 42. Kf5 h6 43. Kg6 Ne3 44. Kxh6 Nxg2 45. Kxg5 f3 46. Bc5 Ne3 0-1

[Event "Early-Titled-Tuesday-Blitz-October-17-2023"]
[Site "Chess.com"]
[Date "2023.10.17"]
[Round "3"]
[White "Ginzburg_Yakov"]
[Black "Felix-Rose"]
[Result "1-0"]
[WhiteElo "2554"]
[BlackElo "2328"]
[TimeControl "180+1"]
[EndTime "8:29:46 PDT"]
[Termination "Ginzburg_Yakov won by resignation"]

1. e4 c5 2. Nf3 e6 3. c3 Nf6 4. e5 Nd5 5. d4 d6 6. Bd3 Nc6 7. O-O cxd4 8. cxd4 Be7 9. a3 O-O 10.
Qe2 Re8 11. Qe4 g6 12. Bh6 Bd7 13. Nbd2 Qb6 14. Nc4 Qc7 15. exd6 Bxd6 16. Nxd6 Qxd6 17. Rfe1 Nf6 18. Qh4 e5 19. dxe5 Nxe5 20. Rxe5 Rxe5 21. Bf4 Rae8 22. Nxe5 Rxe5 23. Bxe5 Qxe5 24. h3 Bc6 25. Rb1 Kg7 26. Qg3 Qd5 27. Be2 Qa2 28. Bd3 h5 29. Qe5 a6 30. Re1 Qb3 31. Bf1 Qc2 32. Re3 Qc1 33. g4 hxg4 34. hxg4 Bb5 35. Re1 Qd2 36.
Bxb5 axb5 37. g5 Kh7 38. gxf6 Qh6 39. Kg2 Qh4 40. Rh1 1-0

[Event "Early-Titled-Tuesday-Blitz-October-17-2023"]
[Site "Chess.com"]
[Date "2023.10.17"]
[Round "3"]
[White "pirulillo"]
[Black "FoxOnTheRun97"]
[Result "1-0"]
[WhiteElo "2341"]
[BlackElo "2536"]
[TimeControl "180+1"]
[EndTime "8:29:47 PDT"]
[Termination "pirulillo won on time"]

1. e4 c6 2. d4 d5 3. Nc3 dxe4 4. Nxe4 Bf5 5. Ng3 Bg6 6. h4 h6 7.
Nf3 Nd7 8. Bd3 Bxd3 9. Qxd3 e6 10. Bd2 Ngf6 11. O-O-O Be7 12. Kb1 a5 13. Ne4 Nxe4 14.
Qxe4 Nf6 15. Qe2 Qd5 16. Rhe1 O-O 17. c4 Qf5+ 18. Ka1 b5 19. Ne5 bxc4 20. g4 Qc2 21. Rc1 Qa4 22. Rxc4 Qb5 23. g5 hxg5 24. hxg5 Nd5 25.
Rh1 g6 26. f4 Kg7 27. Rh6 Rh8 28. Qh2 Bd6 29. Rc1 Ne7 30. Rh1 Bxe5 31. Rxh8 Qf1+ 32. Rxf1 Rxh8 33. Qf2 Bd6 34. Bc3 Nd5 35. Bd2 a4 36. a3 Rh3 37. Rc1 Ne7 38. Ka2 Rb3 39. d5 exd5 40.
Bc3+ Kf8 41. Rh1 Ke8 42. Qa7 Nf5 43. Rh8+ Bf8 44. Qa8+ Kd7 45. Rxf8 d4 46. Qd8+ Ke6 47.
Re8+ Ne7 48. Rxe7+ Kf5 49. Rxf7+ Kg4 50. Qxd4 c5 51.
f5+ Kxg5 52. Qf6+ 1-0

[Event "Early-Titled-Tuesday-Blitz-October-17-2023"]
[Site "Chess.com"]
[Date "2023.10.17"]
[Round "3"]
[White "Let_it_be_1"]
[Black "baki83"]
[Result "1/2-1/2"]
[WhiteElo "2635"]
[BlackElo "2814"]
[TimeControl "180+1"]
[EndTime "8:29:48 PDT"]
[Termination "Game drawn by repetition"]

1. e4 c5 2. Nf3 d6 3. d4 cxd4 4. Nxd4 Nf6 5. Nc3 a6 6. Be2 g6 7. Be3 Bg7 8. O-O O-O 9. f4 b5 10. Bf3 e5 11. Nb3 Nc6 12. a4 b4 13. Nd5 exf4 14.
Bxf4 Nxd5 15. Qxd5 Be6 16. Qxc6 Bxb2 17. Rad1 Qf6 18.
Bxd6 Rac8 19. Qb6 Rfd8 20. e5 Qg5 21. Nc5 Rxd6 22. exd6 Bd4+ 23. Rxd4 Qe3+ 24. Kh1 Qxd4 25. d7 Bxd7 26. Nxd7 Qxd7 27. Qxb4 Rxc2 28. Rd1 Qc7 29. Qd4 Rc1 30. h3 a5 31. Rxc1 Qxc1+ 32. Kh2 Qc7+ 33. g3 h5 34. h4 Kf8 35. Bg2 Ke7 36. Qd5 Qc3 37. Qb7+ Kf8 38. Qb5 f5 39. Qd7 Qe5 40.
Qd5 Qe1 41. Qc5+ Kg7 42. Qd4+ Kh7 43. Qd7+ Kh6 44. Kh3 f4 45. gxf4 Qe3+ 46. Kh2 Qxf4+ 47. Kg1 Qe3+ 48. Kf1 Qf4+ 49. Kg1 Qe3+ 50. Kf1 Qf4+ 51. Kg1 1/2-1/2

[Event "Early-Titled-Tuesday-Blitz-October-17-2023"]
[Site "Chess.com"]
[Date "2023.10.17"]
[Round "3"]
[White "Maluco_do_Natal_00"]
[Black "TomLiu777"]
[Result "0-1"]
[WhiteElo "1983"]
[BlackElo "2336"]
[TimeControl "180+1"]
[EndTime "8:29:48 PDT"]
[Termination "TomLiu777 won on time"]

1. e4 c5 2. Nf3 Nc6 3. d4 cxd4 4. Nxd4 Nf6 5. Nc3 d6 6. Be2 e6 7. Be3 Bd7 8. Qd2 Be7 9. Ndb5 Qb8 10. O-O-O O-O 11.
Nxd6 Rd8 12. Ndb5 a6 13. Nd4 b5 14. f3 b4 15. Nb1 a5 16. Nxc6 Bxc6 17. Qe1 a4 18. Rxd8+ Qxd8 19. Qd2 Qc7 20. Qd3 Nd7 21. Rd1 Rc8 22. Qc4 Ne5 23. Qd4 a3 24. Rd2 Bf6 25.
Qb6 axb2+ 26. Kd1 Qe7 27. Bc5 Qe8 28. Bxb4 Bg5 29. Rd4 Be3 30. c3 Ba4+ 31. Ke1 Bxd4 32. Qxd4 Nc6 33. Qc4 Nxb4 34. Qxb4 Bc2 35. Qxb2 Bxb1 36.
Qxb1 Qa4 37. Kf2 Qa7+ 38. Kf1 Qe3 39. Qb3 h5 40. h3 Rxc3 41. Qb8+ Kh7 42. Qb2 Rc1+ 0-1

[Event "Early-Titled-Tuesday-Blitz-October-17-2023"]
[Site "Chess.com"]
[Date "2023.10.17"]
[Round "3"]
[White "JoliyRoger"]
[Black "Sl4werThanYou"]
[Result "1/2-1/2"]
[WhiteElo "2464"]
[BlackElo "2642"]
[TimeControl "180+1"]
[EndTime "8:29:49 PDT"]
[Termination "Game drawn by repetition"]

1. Nf3 Nf6 2. c4 b6 3. d4 Bb7 4. Nc3 e6 5. a3 d5 6. Bg5 Be7 7. e3 O-O 8. Bxf6 Bxf6 9. cxd5 exd5 10. Qb3 Re8 11. Rd1 a6 12. Be2 Qd6 13. O-O Nd7 14. Rfe1 g6 15. h3 Kg7 16. Bd3 c5 17. dxc5 Nxc5 18. Qc2 Rac8 19. Nd4 Ne6 20. Nxe6+ Qxe6 21. Be2 Rc5 22. Qb3 Bxc3 23. bxc3 Rec8 24. Bg4 f5 25. Bf3 Rxc3 26. Qb2 b5 27. a4 Rc5 28. axb5 axb5 29. Rd2 Qe5 30. Red1 Kh6 31. Qa2 f4 32. exf4 Qxf4 33.
Rd4 Qg5 34. Qa7 Rc7 35. Qb8 Qf6 36. Bxd5 Bxd5 37. Rxd5 Rc2 38. f3 Rxg2+ 39. Kxg2 Rc2+ 40. R5d2 Rxd2+ 41. Rxd2 Qg5+ 42. Kf1 Qxd2 43. Qxb5 Qh2 44. Qd7 Qg3 45. Qg4 Qh2 46. Qh4+ Kg7 47. Qe7+ Kg8 48.
Qe8+ Kg7 49. Qe7+ Kh6 50. Qh4+ Kg7 51. Qe7+ 1/2-1/2

[Event "Early-Titled-Tuesday-Blitz-October-17-2023"]
[Site "Chess.com"]
[Date "2023.10.17"]
[Round "3"]
[White "PabloZarnicki"]
[Black "Nekoo04"]
[Result "1-0"]
[WhiteElo "2508"]
[BlackElo "2263"]
[TimeControl "180+1"]
[EndTime "8:29:49 PDT"]
[Termination "PabloZarnicki won on time"]

1. e4 c5 2. Nf3 d6 3. d4 cxd4 4.
Nxd4 Nf6 5. Nc3 g6 6. Be3 Bg7 7. f3 Nc6 8. Qd2 O-O 9. O-O-O d5 10. Kb1 Nxd4 11. e5 Nd7 12. Bxd4 Nxe5 13. f4 Nc4 14. Bxc4 dxc4 15. Bxg7 Qxd2 16. Rxd2 Kxg7 17. Re1 Be6 18.
Nb5 Rad8 19. Nd4 Bd5 20. Rxe7 Kf6 21. Ree2 Rfe8 22. g3 Rxe2 23. Nxe2 c3 24. Nxc3 Bxa2+ 25. Kc1 Rxd2 26. Kxd2 Be6 27. Ke3 Kf5 28. Ne4 b6 29. h3 h5 30. Ng5 Bd5 31. Kd4 Bg2 32. Nxf7 Bxh3 33. Ke3 Bg2 34. Nd6+ Kg4 35. Kf2 Bd5 36. Nc8 h4 37. gxh4 Kxf4 38. Nxa7 Kg4 39. Nc8 b5 40. Ne7 Bf7 41. Nc6 Kxh4 42. Ne5 Be8 43. b4 g5 44. Kf3 g4+ 45. Kf4 g3 46. Nf3+ Kh3 47. Ng5+ Kh2 48. Nf3+ Kg2 49. c3 Kf2 50. Nh4 g2 51.
Nf3 g1=Q 52. Nd4 1-0

[Event "Early-Titled-Tuesday-Blitz-October-17-2023"]
[Site "Chess.com"]
[Date "2023.10.17"]
[Round "3"]
[White "ckgchess"]
[Black "iJueles"]
[Result "1-0"]
[WhiteElo "2889"]
[BlackElo "2435"]
[TimeControl "180+1"]
[EndTime "8:29:50 PDT"]
[Termination "ckgchess won by resignation"]

1. e4 c6 2. Nc3 d5 3. Nf3 dxe4 4. Nxe4 Nf6 5. Qe2 Na6 6. d4 Bg4 7. c3 Qd5 8. Nxf6+ gxf6 9. Qe3 Nc7 10. Be2 h5 11. h3 Bh6 12. Qd3 Bf5 13. Qd1 Bxc1 14. Qxc1 Rg8 15. Nh4 Be6 16. Qf4 O-O-O 17. b3 Qa5 18. Qd2 Qg5 19. Qxg5 fxg5 20. Nf3 h4 21. O-O-O Nd5 22. Kb2 Nf4 23. Bf1 Bd5 24. Ne1 f6 25. c4 Bf7 26. Kc3 e5 27. Nc2 Bg6 28. Ne3 exd4+ 29. Rxd4 Rxd4 30. Kxd4 Rd8+ 31. Kc3 Be4 32. Rg1 Kc7 33. g3 hxg3 34. fxg3 Ng6 35. Be2 Rd6 36. Rf1 Ne5 37. h4 gxh4 38. gxh4 a5 39. h5 Bd3 40. Re1 Bxe2 41. Rxe2 Rd3+ 42. Kc2 Rd4 43. Rh2 Re4 44.
Rh3 Ng4 45. Nxg4 Rxg4 46. h6 Rg8 47. h7 Rh8 48. Kd3 Kd6 49. Ke4 Ke6 50. c5 Kf7 51. Kf5 Kg7 52. Rh2 Kf7 53. Rh1 Kg7 54. Rd1 Kxh7 55.
Rh1+ Kg7 56. Rxh8 Kxh8 57. Kxf6 Kg8 58. Ke6 Kg7 59. Kd6 Kf6 60. Kc7 Ke5 61. Kxb7 Kd5 62. Kb6 1-0